Map: 2000 Atmospheres LE

Players

Serral - Winner!

  • Race: Zerg Zerg

Maru

  • Race: Terran Terran

Event: DreamHack SC2 Masters 2021 Winter

VOD

Have the link to the VOD?

Description

2021 dream hack winter - season finals - group stage

Time

  • Played on: Nov. 12, 2021, 10:40 a.m.
  • Length: 15:03

All games in this series

Show
View Real Time Build Order
Export as new Build Order

Serral Zerg - Winner!

Build Orders: Hatch First, Lurkers 

Get SALT Encoding   

  12  0:00  Drone  
  13  0:12  Overlord  
  13  0:17  Drone  
  14  0:31  Drone x2  
  16  0:47  Hatchery  
  15  0:51  Drone  
  15  0:55  Drone  
  17  0:58  Drone  
  18  1:09  Extractor  
  17  1:13  Spawning Pool  
  17  1:17  Drone  
  17  1:20  Drone  
  18  1:27  Drone  
  19  1:38  Drone  
  20  1:49  Drone  
  21  1:59  Queen x2  
  21  2:00  Zergling x2  
  21  2:01  Zergling x2  
  27  2:10  Overlord  
  27  2:11  Drone  
  28  2:23  Hatchery  
  28  2:26  Drone  
  28  2:32  Drone x3  
  31  2:37  Metabolic Boost  
  31  2:43  Overlord  
  31  2:49  Queen  
  33  2:53  Drone  
  33  2:54  Drone  
  33  2:56  Drone  
  36  3:03  Overlord  
  36  3:09  Drone x4  
  39  3:15  Drone  
  39  3:17  Queen  
  42  3:26  Drone x2  
  44  3:27  Queen  
  44  3:32  Drone  
  47  3:34  Queen  
  47  3:39  Overlord  
  49  3:42  Drone x2  
  49  3:43  Drone x2  
  49  3:46  Drone  
  49  3:47  Drone  
  55  3:52  Drone  
  56  3:56  Queen  
  56  3:58  Overlord  
  56  3:59  Drone  
  56  4:00  Drone  
  60  4:03  Baneling Nest  
  60  4:06  Overlord  
  60  4:08  Drone x2  
  61  4:12  Queen  
  61  4:16  Queen  
  65  4:21  Overlord  
  65  4:26  Extractor, Drone x5  
  65  4:29  Zergling x4  
  65  4:30  Zergling x2  
  72  4:35  Zergling x2  
  73  4:39  Overlord  
  73  4:40  Overlord  
  73  4:42  Zergling x2  
  73  4:43  Zergling x2  
  73  4:45  Drone x3  
  78  4:51  Zergling x4  
  80  4:53  Queen, Spore Crawler  
  80  4:54  Lair  
  80  4:59  Drone x2  
  83  5:01  Drone x2  
  85  5:07  Drone x2  
  85  5:08  Extractor x2  
  85  5:10  Spore Crawler  
  85  5:13  Zergling x4  
  86  5:18  Spine Crawler  
  86  5:19  Zergling x2  
  86  5:21  Drone  
  86  5:24  Overlord  
  86  5:26  Drone x3  
  89  5:30  Drone x2  
  89  5:32  Drone  
  89  5:34  Overlord  
  92  5:36  Drone x2  
  92  5:38  Evolution Chamber  
  92  5:39  Evolution Chamber  
  92  5:44  Zergling x2  
  92  5:46  Baneling x4  
  92  5:47  Zergling x6  
  92  5:48  Zergling x2  
  97  5:53  Extractor, Zergling x8  
  97  5:54  Overseer  
  97  5:56  Centrifugal Hooks  
  100  5:59  Overlord  
  100  6:00  Drone x2  
  102  6:07  Overseer  
  102  6:08  Baneling  
  102  6:09  Baneling x5, Drone x2  
  102  6:10  Drone x3  
  107  6:14  Spore Crawler  
  106  6:19  Overlord  
  106  6:21  Hydralisk Den  
  106  6:23  Zerg Melee Weapons Level 1, Zerg Ground Armor Level 1  
  106  6:25  Overseer  
  105  6:29  Hatchery, Drone x4  
  105  6:32  Drone, Spore Crawler  
  108  6:33  Zergling x4  
  108  6:34  Zergling x2  
  108  6:39  Zergling x8  
  114  6:47  Zergling x6  
  114  7:04  Overlord x3  
  114  7:07  Muscular Augments  
  114  7:08  Overseer  
  114  7:10  Overlord  
  114  7:12  Baneling x6  
  114  7:22  Zergling x6  
  117  7:23  Zergling x6  
  117  7:24  Drone  
  117  7:25  Drone x5  
  121  7:45  Zergling x4  
  121  7:46  Zergling x16  
  131  7:51  Drone  
  131  7:52  Queen, Drone x5  
  131  7:54  Spore Crawler  
  137  7:59  Overlord x4  
  137  8:03  Drone  
  137  8:04  Baneling x8  
  137  8:05  Overseer  
  138  8:11  Hydralisk x3  
  144  8:15  Hydralisk x2  
  148  8:26  Pneumatized Carapace  
  148  8:31  Drone x4  
  148  8:32  Drone x4  
  151  8:35  Hydralisk x8  
  151  8:40  Extractor x2, Zerg Melee Weapons Level 2  
  165  8:42  Infestation Pit  
  165  8:44  Overlord  
  165  8:45  Zerg Ground Armor Level 2  
  165  8:46  Overlord  
  164  8:52  Extractor  
  164  8:55  Drone x2  
  165  8:58  Drone x3  
  165  8:59  Drone x2  
  165  9:00  Drone  
  165  9:02  Hatchery  
  168  9:16  Zergling x24  
  180  9:21  Baneling x2  
  180  9:22  Baneling x5  
  178  9:24  Drone  
  178  9:25  Spore Crawler  
  178  9:26  Baneling  
  178  9:27  Baneling  
  178  9:28  Hydralisk x4, Grooved Spines  
  186  9:32  Overseer  
  185  9:41  Hydralisk x2  
  183  9:50  Drone x8  
  170  9:54  Zergling x6  
  170  9:58  Zergling x2  
  170  9:59  Zergling x8  
  178  10:02  Hive  
  178  10:04  Spore Crawler  
  178  10:05  Drone x4  
  179  10:10  Zergling x16  
  179  10:13  Baneling x4  
  179  10:14  Baneling x3  
  187  10:15  Zergling x4  
  187  10:20  Zergling x4  
  187  10:26  Zergling x8  
  183  10:36  Hydralisk x3  
  183  10:37  Zergling x16  
  197  10:48  Spore Crawler  
  196  10:50  Baneling x7  
  196  10:51  Baneling  
  196  10:56  Zerg Missile Weapons Level 1, Zergling x6  
  196  10:57  Zergling x14  
  188  11:04  Zergling x2, Lurker Den  
  188  11:05  Zergling x18  
  194  11:12  Drone x2  
  195  11:21  Hatchery  
  195  11:22  Zerg Ground Armor Level 3, Adrenal Glands  
  195  11:24  Overlord  
  186  11:25  Overlord  
  186  11:26  Hatchery  
  186  11:27  Overlord  
  186  11:29  Burrow  
  184  11:36  Baneling x8  
  183  11:46  Zergling x36  
  190  11:56  Zergling x12  
  183  12:04  Seismic Spines  
  183  12:05  Viper x2  
  187  12:12  Lurker x9  
  187  12:13  Lurker  
  197  12:16  Extractor x2  
  197  12:17  Spine Crawler, Spore Crawler  
  197  12:19  Drone  
  197  12:20  Drone x5  
  199  12:24  Overseer  
  199  12:25  Baneling x9  
  199  12:26  Baneling  
  199  12:36  Overseer  
  198  12:40  Baneling x4  
  198  12:52  Zergling x2  
  198  12:53  Zergling x2  
  195  13:01  Adaptive Talons  
  180  13:08  Hydralisk x7  
  194  13:15  Zergling x8  
  194  13:16  Zergling x2  
  193  13:33  Zergling x20  
  193  13:34  Zergling x22  
  198  13:37  Overseer  
  198  13:40  Hydralisk x6  
  195  13:44  Drone x7  
  194  13:59  Hydralisk x3, Overseer  
  194  14:00  Hydralisk x2  
  194  14:01  Overseer  
  198  14:14  Baneling x16  
  192  14:25  Zergling x18  
  193  14:31  Lurker x2  
  193  14:32  Lurker x3  
  194  14:40  Zergling x22  
  199  14:50  Overseer  
Show
View Real Time Build Order
Export as new Build Order

Maru Terran 

Build Orders: Command Center First (CC) 

Get SALT Encoding   

  12  0:00  SCV  
  13  0:12  SCV  
  14  0:16  Supply Depot  
  14  0:24  SCV  
  15  0:38  SCV  
  16  0:50  SCV  
  17  0:59  Command Center  
  17  1:02  SCV  
  18  1:12  Barracks  
  18  1:15  SCV  
  19  1:20  Refinery  
  19  1:27  SCV  
  20  1:37  Barracks  
  20  1:39  SCV  
  21  1:45  Refinery  
  21  1:51  SCV  
  22  2:04  Barracks Reactor  
  22  2:05  Orbital Command  
  22  2:11  Orbital Command  
  22  2:24  Barracks Tech Lab  
  22  2:31  SCV  
  22  2:37  SCV  
  24  2:40  Marine x2  
  24  2:42  Marine, Stimpack  
  24  2:44  SCV  
  28  2:49  Factory  
  28  2:50  SCV  
  29  2:58  Marine x2  
  29  2:59  Marine  
  29  3:02  SCV  
  29  3:03  Supply Depot  
  33  3:06  SCV  
  34  3:15  SCV  
  34  3:16  Marine x2  
  34  3:17  Marine  
  38  3:22  Supply Depot  
  38  3:24  SCV  
  40  3:27  SCV  
  40  3:34  Starport, Factory Reactor  
  40  3:36  SCV  
  40  3:39  SCV, Marine x3  
  45  3:46  Supply Depot  
  45  3:48  SCV  
  45  3:51  SCV  
  47  3:57  Marine x3  
  47  3:59  Supply Depot  
  47  4:01  SCV  
  51  4:03  SCV  
  52  4:13  SCV  
  52  4:15  SCV  
  60  4:22  Combat Shield  
  54  4:24  Marine  
  54  4:25  SCV, Marine x2  
  54  4:26  Medivac x2  
  54  4:27  SCV  
  54  4:30  Command Center  
  63  4:32  Supply Depot  
  63  4:37  SCV  
  63  4:38  Widow Mine  
  66  4:39  SCV  
  66  4:41  Refinery x2  
  66  4:44  Marine x3  
  70  4:48  Supply Depot  
  70  4:53  SCV  
  70  4:54  Supply Depot  
  70  4:58  SCV  
  72  5:03  Medivac  
  72  5:04  Factory Tech Lab  
  72  5:05  SCV  
  75  5:07  Armory  
  75  5:10  SCV, Marine x3  
  79  5:19  SCV  
  80  5:22  SCV  
  80  5:24  Factory  
  80  5:28  Marine  
  82  5:31  SCV  
  82  5:34  Engineering Bay  
  82  5:35  Starport Reactor  
  83  5:36  Engineering Bay  
  83  5:37  SCV  
  83  5:41  Marine  
  83  5:42  Orbital Command  
  85  5:43  SCV  
  85  5:49  SCV  
  87  5:51  Supply Depot  
  87  5:53  Marine x2  
  89  5:58  Drilling Claws  
  89  5:59  Marine, Widow Mine  
  89  6:00  Orbital Command  
  92  6:05  Terran Infantry Armor Level 1, Terran Infantry Weapons Level 1  
  92  6:09  Widow Mine  
  92  6:10  Widow Mine  
  96  6:14  SCV  
  96  6:16  SCV, Supply Depot  
  98  6:23  Medivac x2, Widow Mine  
  104  6:26  SCV x2  
  104  6:30  Supply Depot  
  106  6:34  SCV  
  106  6:38  SCV x2  
  109  6:42  Widow Mine x2  
  109  6:44  Supply Depot, Widow Mine  
  109  6:46  SCV  
  116  6:50  SCV  
  117  6:54  SCV  
  117  6:56  Medivac  
  117  6:58  SCV  
  117  7:00  Barracks x2  
  119  7:02  SCV  
  119  7:06  SCV  
  121  7:10  SCV  
  121  7:11  Widow Mine x2  
  121  7:12  Barracks, Widow Mine  
  121  7:14  SCV  
  129  7:17  Refinery  
  129  7:19  Supply Depot  
  129  7:20  Supply Depot  
  129  7:34  SCV  
  128  7:37  Command Center, Widow Mine  
  128  7:42  SCV  
  128  7:43  SCV  
  120  7:46  Marine  
  120  7:47  Marine x2  
  120  7:48  SCV, Barracks Reactor x2  
  124  7:52  Medivac x2  
  124  7:53  Widow Mine  
  120  7:59  SCV x2  
  120  8:00  Terran Infantry Armor Level 2, Terran Infantry Weapons Level 2  
  120  8:03  Barracks x2  
  122  8:06  Barracks  
  122  8:13  Barracks Reactor, Widow Mine  
  122  8:15  SCV x3  
  122  8:19  Sensor Tower  
  127  8:20  Widow Mine x2  
  127  8:34  Medivac x2  
  127  8:35  Marine x4, Widow Mine, Marauder  
  127  8:36  Marine x2  
  141  8:41  Widow Mine  
  141  8:42  Widow Mine  
  143  8:51  Barracks Tech Lab x2  
  143  8:53  Marine x4  
  143  8:55  Refinery  
  147  8:56  Widow Mine  
  147  8:59  Barracks Tech Lab  
  147  9:02  Supply Depot x2  
  149  9:03  Widow Mine x2  
  149  9:04  Medivac  
  149  9:08  Marine  
  149  9:09  Marine x3, Marauder  
  160  9:10  Marine x2  
  160  9:11  Planetary Fortress  
  160  9:12  SCV x2  
  164  9:17  Widow Mine  
  164  9:22  Marine x3, Marauder  
  171  9:28  Marauder  
  171  9:30  Marauder  
  175  9:35  Supply Depot  
  175  9:36  Sensor Tower  
  173  9:42  Marauder  
  173  9:43  Marine x3, Marauder  
  180  9:49  Marauder  
  180  9:50  Marine x3  
  180  9:51  Marauder  
  176  9:53  Marine x2  
  172  10:00  Marine  
  172  10:02  Medivac x2, Widow Mine x2  
  172  10:03  Marauder  
  172  10:05  Marauder  
  172  10:06  Concussive Shells  
  182  10:10  Marine x2  
  182  10:11  Marine, Marauder  
  182  10:12  Marine  
  182  10:13  Marauder  
  189  10:14  Widow Mine  
  183  10:23  Widow Mine  
  183  10:25  Marauder  
  183  10:26  Marine x4, Widow Mine, Marauder  
  190  10:28  Marine x2  
  190  10:31  Terran Infantry Weapons Level 3, Medivac  
  190  10:32  Medivac  
  194  10:36  Widow Mine  
  194  10:38  Marine x2  
  194  10:42  Marauder  
  189  10:43  Command Center  
  189  10:44  Terran Infantry Armor Level 3, Command Center  
  189  10:47  Marine  
  189  10:48  Marine, Marauder x2  
  193  10:56  Marine x2  
  193  10:57  Marine x2, Marauder  
  184  11:03  Supply Depot, Marauder  
  188  11:09  Marauder  
  180  11:12  Marauder  
  180  11:13  Marine  
  180  11:14  Marine x4  
  180  11:17  Barracks  
  180  11:18  Marauder  
  189  11:21  Barracks  
  189  11:24  Marauder  
  189  11:31  Marauder  
  190  11:35  Marine x2, Marauder  
  190  11:39  Marauder  
  196  11:40  Marine  
  196  11:41  Widow Mine  
  196  11:45  Marine x2  
  196  11:46  Marauder  
  200  11:48  Widow Mine  
  200  11:52  Marauder  
  184  11:55  Marine x2  
  184  11:56  Marauder  
  184  12:00  Marine x4  
  184  12:01  Marauder  
  170  12:02  Widow Mine  
  170  12:03  Marine, Widow Mine  
  170  12:07  Marauder  
  177  12:11  SCV x3  
  177  12:12  Orbital Command  
  177  12:14  Marauder  
  180  12:18  Marine x5, Marauder  
  180  12:19  Medivac x2  
  180  12:22  Marauder  
  193  12:24  Widow Mine x2  
  193  12:28  Marauder  
  199  12:30  Barracks Tech Lab  
  199  12:31  Barracks Tech Lab  
  199  12:33  SCV  
  200  12:37  Planetary Fortress  
  200  12:41  Terran Vehicle And Ship Armor Level 1  
  174  13:06  Marine, Marauder x5  
  174  13:08  Medivac x2  
  186  13:15  Missile Turret  
  186  13:18  Barracks Tech Lab, Marine  
  186  13:19  Ghost Academy  
  187  13:20  Marine  
  187  13:24  Marine x2  
  187  13:25  Widow Mine x2  
  184  13:27  Marauder x3  
  184  13:28  Marauder x2  
  184  13:34  Marine x3  
  186  13:37  Marine x2  
  186  13:38  Medivac x2, Marauder  
  169  13:41  Marine  
  169  13:42  Marine  
  169  13:43  Marine  
  151  13:49  Marauder x5  
  151  13:50  Orbital Command  
  151  13:52  Marine x3  
  151  13:55  Marine x2  
  153  13:59  Marine x2, Marauder  
  153  14:01  Marine  
  157  14:09  Marine x2  
  155  14:10  Marauder x4  
  155  14:11  Marauder  
  155  14:13  Marine x3  
  155  14:17  Marine x2  
  170  14:19  Marine  
  170  14:20  Marine  
  163  14:27  Marine x2  
  160  14:31  Marine x3, Marauder  
  160  14:32  Marauder x4  
  166  14:40  Marine x3  

Tags
 
Add a new tag
Caveats
  • Supply blocks, unpowered buildings, or Contaminate may cause inaccurate times.
  • Supply counts are checked every 10 seconds.